 Dungeon Crawl Stone Soup version 0.24-a0-249-g2af7e83 (webtiles) character file.

Game seed: 18407327514579449099

104923 Trogdor the Tainter (level 16, -3/99 HPs)
             Began as an Octopode Venom Mage on Apr 11, 2019.
             Was the Champion of Fedhas.
             Slain by a ghost moth (10 damage)
             ... on level 4 of the Spider Nest on Apr 13, 2019.
             The game lasted 03:44:07 (36872 turns).

Trogdor the Tainter (Octopode Venom Mage)          Turns: 36872, Time: 03:44:12

Health: -3/99      AC:  8    Str: 16 (17) XL:     16   Next: 40%
Magic:  0/41       EV: 27    Int: 23      God:    Fedhas [******]
Gold:   305        SH: 12    Dex: 16      Spells: 1/40 levels left

rFire    . . .     SeeInvis +   H - +5 scimitar "Ajieh" {protect, rF- MR+++ Str+5 SInv}
rCold    + . .     Gourm    .   l - +1 buckler
rNeg     + . .     Faith    .   (helmet restricted)
rPois    +         Spirit   .   J - +5 amulet of reflection
rElec    +         Reflect  +   d - +4 ring of evasion
rCorr    .         Harm     .   p - ring of the Komtur {rF+ MP+9 Int-2 Dex+4}
MR       ++++.                  n - +3 ring of protection
Stlth    +++++.....             Q - ring of wizardry
HPRegen  0.26/turn              W - ring "Wieckis" {rElec rC+ rN+ Str+4 Dex-4}
MPRegen  0.27/turn              T - +3 ring of evasion
                                I - +4 ring of protection
                                S - ring "Gonuryssyd" {rPois Int+5 SInv}

@: very slightly contaminated
A: almost no armour, stealthy swim, amphibious, 8 rings, constrict 8, camouflage
1, gelatinous body 1
a: Fungal Bloom, Sunlight, Evolution, Growth, Reproduction, Rain, Renounce
Religion


You were on level 4 of the Spider Nest.
You worshipped Fedhas.
Fedhas was exalted by your worship.
You were hungry.

You visited 4 branches of the dungeon, and saw 23 of its levels.
You also visited: Bailey and Volcano.

You collected 2655 gold pieces.
You spent 2350 gold pieces at shops.

Inventory:

Hand Weapons
 H - the +5 scimitar "Ajieh" (weapon) {protect, rF- MR+++ Str+5 SInv}
   (You found it on level 6 of the Dungeon)

   It grants its wielder temporary protection when it strikes (+7 to AC).
   It affects your strength (+5).
   It makes you vulnerable to fire.
   It affects your resistance to hostile enchantments.
   It lets you see invisible.
Missiles
 v - 5 throwing nets (quivered)
Armour
 l - a +1 buckler (worn)
 u - a +0 large shield
Magical Staves
 E - an uncursed staff of conjuration
 R - an uncursed staff of energy
Jewellery
 d - a +4 ring of evasion (left tentacle)
 g - an uncursed ring of resist corrosion
 i - an uncursed amulet of the acrobat
 n - a +3 ring of protection (on tentacle)
 p - the ring of the Komtur (right tentacle) {rF+ MP+9 Int-2 Dex+4}
   (You bought it in a shop on level 2 of the Orcish Mines)

   [ring of magical power]

   It affects your intelligence (-2).
   It affects your dexterity (+4).
   It protects you from fire.
   It affects your magic capacity (+9).
 y - an uncursed amulet of harm
 I - a +4 ring of protection (on tentacle)
 J - a +5 amulet of reflection (around mantle)
 Q - a ring of wizardry (on tentacle)
 S - the ring "Gonuryssyd" (on tentacle) {rPois Int+5 SInv}
   (You bought it in a shop on level 2 of the Orcish Mines)

   [ring of intelligence]

   It affects your intelligence (+5).
   It protects you from poison.
   It lets you see invisible.
 T - a +3 ring of evasion (on tentacle)
 W - the ring "Wieckis" (on tentacle) {rElec rC+ rN+ Str+4 Dex-4}
   (You found it on level 2 of the Lair of Beasts)

   [ring of protection from cold]

   It affects your strength (+4).
   It affects your dexterity (-4).
   It protects you from cold.
   It insulates you from electricity.
   It protects you from negative energy.
 Y - a +4 ring of strength
Wands
 q - a wand of iceblast (21)
 x - a wand of polymorph (44)
 D - a wand of digging (11)
 O - a wand of disintegration (16)
 Z - a wand of acid (16)
Scrolls
 a - 11 scrolls of remove curse
 e - 3 scrolls of enchant weapon
 f - 8 scrolls of teleportation
 h - a scroll of amnesia
 k - 2 scrolls of vulnerability
 o - 3 scrolls of magic mapping
 t - 7 scrolls of fear
 w - 5 scrolls of blinking
 C - 3 scrolls of fog
 K - 4 scrolls of enchant armour
 N - 2 scrolls of summoning
Potions
 c - 2 potions of agility
 j - 3 potions of berserk rage
 m - 5 potions of might
 r - 5 potions of flight
 s - 6 potions of haste
 z - 4 potions of lignification
 A - 14 potions of curing
 B - 2 potions of ambrosia
 F - a potion of invisibility
 G - a potion of resistance
 L - a potion of cancellation {unknown}
 M - 4 potions of brilliance
 U - 6 potions of heal wounds
 V - a potion of magic {unknown}
 X - a potion of mutation {unknown}
Comestibles
 b - 15 rations


   Skills:
 * Level 6.1 Fighting
 + Level 4.7 Long Blades
 + Level 9.4 Dodging
 + Level 9.7 Stealth
 * Level 6.2 Shields
 + Level 12.5 Spellcasting
 + Level 10.0 Conjurations
 + Level 3.0 Hexes
 * Level 7.3 Transmutations
 * Level 8.7 Fire Magic
 - Level 6.8 Air Magic
 * Level 5.3 Earth Magic
 - Level 13.0 Poison Magic
 + Level 5.4 Invocations
 + Level 1.3 Evocations


You had one spell level left.
You knew the following spells:

 Your Spells              Type           Power        Failure   Level  Hunger
a - Iron Shot             Conj/Erth      ######....   12%         6    #####..
b - Poisonous Vapours     Pois/Air       ######       1%          2    None
c - Mephitic Cloud        Conj/Pois/Air  ######..     1%          3    None
d - Olgreb's Toxic Radia  Pois           ######..     1%          4    None
e - Bolt of Fire          Conj/Fire      ######....   6%          6    #####..
g - Dazzling Spray        Conj/Hex       #####.       1%          3    None
h - Confusing Touch       Hex            ####..       1%          1    None
i - Ignite Poison         Fire/Tmut/Pois ######..     1%          3    None
j - Fireball              Conj/Fire      ######....   1%          5    ###....
k - Statue Form           Tmut/Erth      #####....    21%         6    #####..

Your spell library contained the following spells:

 Spells                   Type           Power        Failure   Level  Hunger
 Animate Skeleton         Necr           N/A          1%          1    None
 Apportation              Tloc           ##....       1%          1    None
 Beastly Appendage        Tmut           #####.       1%          1    None
 Infusion                 Chrm           ##..         1%          1    None
 Magic Dart               Conj           ####         1%          1    None
 Sting                    Conj/Pois      ####         1%          1    None
 Summon Small Mammal      Summ           ##..         1%          1    None
 Passwall                 Tmut/Erth      #####...     1%          2    None
 Searing Ray              Conj           ######       1%          2    None
 Sticks to Snakes         Tmut           #####...     1%          2    None
 Swiftness                Chrm/Air       ####....     1%          2    None
 Spider Form              Tmut/Pois      ######....   1%          3    None
 Fulminant Prism          Conj/Hex       #####.....   1%          4    None
 Iskenderun's Mystic Bla  Conj           ######..     1%          4    None
 Bolt of Magma            Conj/Fire/Erth ######....   1%          5    ###....
 Venom Bolt               Conj/Pois      ######....   1%          5    ###....
 Shroud of Golubria       Chrm/Tloc      ##........   2%          2    None
 Song of Slaying          Chrm           ##......     2%          2    None
 Spectral Weapon          Hex/Chrm       ###.....     2%          3    None
 Force Lance              Conj/Tloc      #####...     2%          4    None
 Blade Hands              Tmut           #####.....   2%          5    ###....
 Leda's Liquefaction      Hex/Erth       ####......   3%          4    None
 Ice Form                 Ice/Tmut       ####....     4%          4    None
 Regeneration             Chrm/Necr      ##........   5%          3    None
 Lee's Rapid Deconstruct  Erth           #####.....   5%          5    ###....
 Passage of Golubria      Tloc           N/A          17%         4    None
 Darkness                 Hex            ####......   56%         6    #####..
 Invisibility             Hex            ####....     56%         6    #####..
 Ring of Flames           Chrm/Fire      ####......   91%         7    ######.
 Ignition                 Fire           ######....   95%         8    #######
 Shatter                  Erth           #####.....   100%        9    #######


Dungeon Overview and Level Annotations

Branches:
Dungeon (11/15)            Temple (0/1) D:4            Lair (6/6) D:11
  Swamp (0/4) Lair:3       Spider (4/4) Lair:3        Slime (0/5) Lair:6
    Orc (2/2) D:9             Elf (0/3) Orc:2

Altars:
Ashenzari
Cheibriados
Fedhas
Nemelex Xobeh
Okawaru
Qazlal
Wu Jian
Xom
Beogh
Jiyva

Shops:
D:7 *   D:9 *   Orc:1 *   Orc:2 [?=

Portals:
Trove: D:11 (give 16 potions of curing)

Annotations:
Spider:2 3 runed translucent doors, Para's ghost, adept MiBe


Innate Abilities, Weirdness & Mutations

You cannot wear most types of armour.
You are very stealthy in the water. (Stealth+)
You are amphibious.
You can wear up to eight rings at the same time.
You can use your tentacles to constrict eight enemies at once.
Your skin changes colour to match your surroundings (Stealth+).
Your rubbery body absorbs attacks. (AC +1, EV +1)


Message History

The ghost moth stares at you.
You feel your power leaking away. You block the ghost moth's attack.
The ghost moth misses you. The ghost moth barely misses you.
Unknown command.
The orb of destruction hits you!!!
Ouch! That really hurt!
* * * LOW HITPOINT WARNING * * *
The ghost moth stares at you. The ghost moth hits you.
* * * LOW HITPOINT WARNING * * *
The ghost moth misses you. x2
The orb spider spins a strand of pure energy.
The ghost moth stares at you. The ghost moth misses you.
You riposte.
You closely miss the ghost moth. Your squeeze misses the ghost moth.
The ghost moth is severely wounded.
The ghost moth completely misses you. The ghost moth stings you!
You die...
Fedhas appreciates your contribution to the ecosystem.

####### ### ###.^...#####^.##
##...#.^..#......#
#......#..<^.^##.##
##...#..#..#.##^..##
###........#..#...#
#....#^#..##..^^.###
#..#.^....##..#.#.^#
##.....@..##...#...##
#.#^.○y.....^......#
#####../.☼...^.....#..##
#######......#.°..##.........#
^....#....^..^#°..........#^..#
..........###.s.....#.#..## ...
#...#^.....^..###..#.....# .#
......#....#......^......#
..^.#....#....^.##..##..##


You could see a ghost moth (invisible) and an orb spider.

Vanquished Creatures
  Kirke (Lair:5)
  Louise (Spider:1)
  2 ghost moths (Spider:3)
  2 entropy weavers
  3 spark wasps (Spider:4)
  A fire dragon (Lair:6)
  3 hydras
  Erolcha (D:9)
  An oklob plant (Lair:6)
  5 death yaks
  The ghost of Taehiq the Destroyer, a journeyman DECj of Vehumet (Lair:2)
  3 orc high priests (Orc:2)
  A salamander mystic (Volcano)
  Nergalle (Lair:4)
  A hell knight (Volcano)
  An unseen horror (D:10)
  A swamp dragon (Lair:6)
  8 orc knights
  6 salamanders (Volcano)
  9 orb spiders
  20 wolf spiders
  4 orc sorcerers (Orc:2)
  2 moths of wrath
  8 black mambas
  A guardian serpent (Lair:6)
  Joseph (D:7)
  11 elephants
  17 spiny frogs
  A torpor snail (Spider:3)
  2 rime drakes (Lair:6)
  9 demonic crawlers
  7 komodo dragons
  2 trolls
  35 jumping spiders
  6 hornets
  3 blink frogs (Lair:4)
  5 dream sheep (Lair:5)
  7 hippogriffs
  70 redbacks
  17 tarantellas
  A hog (Lair:5)
  16 yaks
  5 basilisks
  12 wyverns (Lair:6)
  4 hungry ghosts
  2 steam dragons (Lair:6)
  4 wargs
  3 acid dragons (Lair:6)
  22 water moccasins
  A soldier ant (D:11)
  Duvessa (D:6)
  8 porcupines
  4 black bears
  2 ice beasts
  29 orc warriors
  5 phantoms
  4 wolves
  10 ogres
  16 crocodiles
  5 centaurs
  15 bullfrogs
  A gnoll sergeant (Orc:2)
  Dowan (D:6)
  7 scorpions
  4 killer bees (D:11)
  A howler monkey (D:9)
  8 wights
  A troll skeleton (D:9)
  3 crimson imps
  A quasit (D:11)
  4 jellies
  16 orc priests
  6 hounds
  4 bullfrog skeletons
  22 orc wizards
  4 centaur skeletons
  4 iguanas
  11 worker ants
  A killer bee zombie (D:5)
  4 ogre skeletons (D:9)
  A hound zombie (D:6)
  A hound skeleton (D:9)
  A howler monkey zombie (D:6)
  A howler monkey skeleton (D:4)
  14 adders
  19 gnolls
  2 shadow imps
  5 oozes (D:8)
  2 adder skeletons
  5 worms
  A dart slug (D:2)
  4 leopard geckos
  50 orcs
  4 bats
  6 giant cockroaches
  6 hobgoblins
  4 jackals (D:1)
  13 kobolds
  6 quokkas
  2 ball pythons (D:1)
  4 frilled lizards
  5 goblins
  A goblin skeleton (D:9)
  A hobgoblin skeleton (D:9)
  16 orc skeletons (D:9)
  9 rats
  A plant (Lair:6)
736 creatures vanquished.

Vanquished Creatures (collateral kills)
  The ghost of Feorch the Fighter, a journeyman MiFi of Gozag (Lair:4)
  2 hydras (Lair:4)
  A black mamba (Lair:6)
  3 spiny frogs
  A bog body (Lair:3)
  A hungry ghost (D:11)
  2 porcupines (Lair:4)
  A black bear (D:11)
  An ice beast (D:9)
  2 crocodiles (Lair:4)
  A bullfrog (D:9)
  A howler monkey (D:9)
  An ogre skeleton (D:9)
  A goblin skeleton (D:9)
19 creatures vanquished.

Vanquished Creatures (others)
  2 humans (Lair:5)
  2 wandering mushrooms
  A necrophage (D:9)
  A worker ant zombie (D:11)
  A bush (D:11)
  26 fungi
  40 plants
  413 toadstools
486 creatures vanquished.

Grand Total: 1241 creatures vanquished

Notes
Turn   | Place    | Note
-------+----------+-------------------------------------------
     0 | D:1      | Trogdor the Octopode Venom Mage began the quest for the
                  | Orb.
     0 | D:1      | Reached XP level 1. HP: 11/11 MP: 3/3
   497 | D:1      | Reached XP level 2. HP: 2/17 MP: 1/5
   783 | D:1      | Learned a level 2 spell: Poisonous Vapours
   946 | D:1      | Reached skill level 4 in Poison Magic
  1634 | D:2      | Reached XP level 3. HP: 21/21 MP: 1/6
  2100 | D:2      | Reached XP level 4. HP: 27/27 MP: 2/7
  2212 | D:2      | Learned a level 3 spell: Mephitic Cloud
  2437 | D:2      | Reached skill level 1 in Air Magic
  3035 | D:3      | Found a snail-covered altar of Cheibriados.
  3065 | D:3      | Reached XP level 5. HP: 32/32 MP: 3/8
  3506 | D:3      | Reached skill level 1 in Shields
  4512 | D:4      | Reached skill level 5 in Poison Magic
  4548 | D:4      | Reached XP level 6. HP: 37/37 MP: 4/9
  4770 | D:4      | Reached skill level 1 in Fighting
  5003 | D:4      | Learned a level 4 spell: Olgreb's Toxic Radiance
  5123 | D:4      | Found a blossoming altar of Fedhas.
  5151 | D:4      | Became a worshipper of Fedhas Madash
  5388 | D:4      | Found a staircase to the Ecumenical Temple.
  5436 | D:5      | Entered Level 5 of the Dungeon
  5445 | D:5      | Reached XP level 7. HP: 43/43 MP: 5/11
  5611 | D:5      | Found a shattered altar of Ashenzari.
  5953 | D:5      | Found a shattered altar of Ashenzari.
  6065 | D:5      | Reached skill level 5 in Stealth
  6065 | D:5      | Reached skill level 6 in Poison Magic
  6360 | D:5      | Reached XP level 8. HP: 13/48 MP: 13/13
  6864 | D:6      | Reached skill level 1 in Evocations
  6997 | D:6      | Learned a level 5 spell: Venom Bolt
  7264 | D:6      | Got a scorched scimitar
  7265 | D:6      | Identified the +5 scimitar "Ajieh" {protect, rF- MR+++
                  | Str+5 SInv} (You found it on level 6 of the Dungeon)
  7272 | D:6      | Found a shimmering altar of Xom.
  7762 | D:6      | Found an ornate altar of the Wu Jian Council.
  7939 | D:6      | Reached XP level 9. HP: 54/54 MP: 15/15
  8150 | D:7      | Noticed Joseph
  8156 | D:7      | Noticed Duvessa
  8156 | D:7      | Noticed Dowan
  8174 | D:6      | Killed Duvessa
  8180 | D:6      | Killed Dowan
  8325 | D:7      | Reached skill level 7 in Poison Magic
  8362 | D:7      | Reached skill level 5 in Spellcasting
  8517 | D:7      | Killed Joseph
  8532 | D:7      | Noticed a komodo dragon
  8568 | D:7      | Killed a komodo dragon
  8568 | D:7      | Reached skill level 5 in Conjurations
  8680 | D:6      | Reached * piety under Fedhas
  8898 | D:7      | Found Iydgh's Incredible Inventory.
  9446 | D:8      | Reached XP level 10. HP: 51/61 MP: 1/19
  9624 | D:8      | Reached skill level 8 in Poison Magic
  9902 | D:8      | Learned a level 4 spell: Iskenderun's Mystic Blast
  9916 | D:8      | Found a stormy altar of Qazlal.
 10306 | D:9      | Reached ** piety under Fedhas
 10645 | D:9      | Found a staircase to the Orcish Mines.
 10702 | D:9      | Reached *** piety under Fedhas
 11053 | D:9      | Found Utapumn's Serpentskin Sales.
 11518 | D:9      | Noticed Erolcha
 11522 | D:9      | Killed Erolcha
 11545 | D:9      | Learned a level 3 spell: Dazzling Spray
 11657 | D:9      | Found a sparkling altar of Nemelex Xobeh.
 11666 | D:9      | Found an iron altar of Okawaru.
 12042 | D:10     | Entered Level 10 of the Dungeon
 12180 | D:10     | Reached skill level 5 in Air Magic
 12180 | D:10     | Reached skill level 9 in Poison Magic
 12180 | D:10     | Reached XP level 11. HP: 60/67 MP: 13/21
 12389 | D:10     | Learned a level 1 spell: Confusing Touch
 12509 | D:10     | Noticed an unseen horror
 12520 | D:10     | Killed an unseen horror
 13139 | D:11     | Found a portal to a secret trove of treasure.
 13208 | D:11     | Found a flagged portal.
 13220 | Bailey   | Entered a bailey
 13599 | Bailey   | Noticed an orc knight
 13638 | Bailey   | Killed an orc knight
 13782 | Bailey   | Reached **** piety under Fedhas
 13813 | Bailey   | Found a bloodstained altar of Trog.
 13914 | D:11     | Reached skill level 10 in Poison Magic
 14434 | D:11     | Found a staircase to the Lair.
 14654 | Lair:1   | Entered Level 1 of the Lair of Beasts
 14847 | Lair:1   | Learned a level 3 spell: Ignite Poison
 15511 | Lair:1   | Reached skill level 1 in Fire Magic
 15868 | Lair:1   | Reached skill level 1 in Invocations
 16093 | Lair:2   | Reached skill level 1 in Hexes
 16155 | Lair:2   | Reached XP level 12. HP: 74/74 MP: 14/24
 16331 | Lair:2   | Got a twitching wooden ring
 16332 | Lair:2   | Identified the ring "Wieckis" {rElec rC+ rN+ Str+4 Dex-4}
                  | (You found it on level 2 of the Lair of Beasts)
 16490 | Lair:2   | Got a scorched battleaxe
 16659 | Lair:2   | Identified the cursed +0 battleaxe of Fedhas's Displeasure
                  | {drain, *Drain +Inv rPois MR-} (You found it on level 2 of
                  | the Lair of Beasts)
 16759 | Lair:2   | Found a large runed translucent door.
 16759 | Lair:2   | Found a large runed translucent door.
 16761 | Lair:2   | Noticed Taehiq's ghost (journeyman DECj)
 17674 | Lair:3   | Reached skill level 5 in Dodging
 17745 | Lair:3   | Reached skill level 11 in Poison Magic
 17754 | Lair:3   | Reached ***** piety under Fedhas
 17876 | Lair:3   | Noticed an eight-headed hydra
 17887 | Lair:3   | Killed an eight-headed hydra
 18255 | Lair:3   | Found a staircase to the Swamp.
 18401 | Lair:3   | Found a hole to the Spider Nest.
 18737 | Lair:4   | Noticed a seven-headed hydra
 18744 | Lair:4   | Killed a seven-headed hydra
 19359 | Lair:4   | Noticed Nergalle
 19363 | Lair:4   | Killed Nergalle
 19363 | Lair:4   | Reached skill level 1 in Transmutations
 19469 | Lair:4   | Noticed a death yak
 19476 | Lair:4   | Noticed a death yak
 19476 | Lair:4   | Noticed a death yak
 19477 | Lair:4   | Noticed a death yak
 19478 | Lair:4   | Noticed a death yak
 19479 | Lair:4   | Killed a death yak
 19479 | Lair:4   | Reached XP level 13. HP: 31/79 MP: 11/26
 19720 | Lair:4   | Found a runed translucent gate.
 19720 | Lair:4   | Found a runed translucent gate.
 19720 | Lair:4   | Found a runed translucent gate.
 19721 | Lair:4   | Noticed Feorch's ghost (journeyman MiFi)
 20087 | Lair:4   | Learned a level 5 spell: Fireball
 20255 | Lair:4   | Reached skill level 10 in Spellcasting
 20758 | Lair:5   | Found a dark tunnel.
 20765 | Volcano  | Entered a volcano
 21353 | Volcano  | Reached skill level 5 in Invocations
 22035 | Lair:5   | Upgraded the game from 0.24-a0-244-ga6a6ab7 to
                  | 0.24-a0-245-gb507512
 22040 | Lair:5   | Noticed Kirke
 22054 | Lair:5   | Killed Kirke
 22054 | Lair:5   | Reached skill level 5 in Fire Magic
 22054 | Lair:5   | Reached skill level 12 in Poison Magic
 23840 | Lair:6   | Entered Level 6 of the Lair of Beasts
 24226 | Lair:6   | Reached XP level 14. HP: 85/85 MP: 10/28
 25360 | Lair:6   | Reached ****** piety under Fedhas
 25534 | Lair:6   | Found a staircase to the Slime Pits.
 25534 | Lair:6   | Found a viscous altar of Jiyva.
 26619 | Lair:6   | Reached skill level 1 in Long Blades
 27380 | Lair:6   | Identified a scroll of acquirement
 27832 | Lair:4   | Upgraded the game from 0.24-a0-245-gb507512 to
                  | 0.24-a0-246-gb963c9a
 27844 | Lair:4   | Killed Feorch's ghost
 27986 | Lair:2   | Killed Taehiq's ghost
 28278 | Orc:1    | Entered Level 1 of the Orcish Mines
 29054 | Orc:1    | Found a roughly hewn altar of Beogh.
 29059 | Orc:1    | Reached skill level 5 in Transmutations
 29176 | Orc:1    | Found Daashrem's Assorted Antiques.
 29391 | Orc:2    | Entered Level 2 of the Orcish Mines
 29858 | Orc:2    | Found a staircase to the Elven Halls.
 30804 | Orc:2    | Found Sejot's Food Boutique.
 31315 | Orc:2    | Reached XP level 15. HP: 90/90 MP: 8/30
 31661 | Orc:2    | Reached skill level 13 in Poison Magic
 31687 | Orc:2    | Found Ikloaj's Jewellery Boutique.
 31688 | Orc:2    | Found Zafaoq's Magic Scroll Shoppe.
 31688 | Orc:2    | Found Malodeodgh's Antique Armour Shoppe.
 31702 | Orc:2    | Bought a ration for 65 gold pieces
 31702 | Orc:2    | Bought a ration for 65 gold pieces
 31702 | Orc:2    | Bought a ration for 65 gold pieces
 31702 | Orc:2    | Bought a ration for 65 gold pieces
 31702 | Orc:2    | Bought a ration for 65 gold pieces
 31702 | Orc:2    | Bought a ration for 65 gold pieces
 31702 | Orc:2    | Bought a ration for 65 gold pieces
 31702 | Orc:2    | Bought a ration for 65 gold pieces
 31809 | Orc:2    | Bought the ring "Gonuryssyd" {rPois Int+5 SInv} for 792
                  | gold pieces
 31809 | Orc:2    | Bought the ring of the Komtur {rF+ MP+9 Int-2 Dex+4} for
                  | 534 gold pieces
 31809 | Orc:2    | Bought a +4 ring of evasion for 504 gold pieces
 31827 | Orc:2    | Learned a level 6 spell: Statue Form
 32072 | Spider:1 | Entered Level 1 of the Spider Nest
 32345 | Spider:1 | Noticed Louise
 32357 | Spider:1 | Reached skill level 1 in Earth Magic
 32358 | Spider:1 | Killed Louise
 32363 | Spider:1 | Reached skill level 5 in Fighting
 34004 | Spider:2 | Upgraded the game from 0.24-a0-246-gb963c9a to
                  | 0.24-a0-249-g2af7e83
 34084 | Spider:2 | Reached skill level 5 in Shields
 34111 | Spider:2 | Reached skill level 10 in Conjurations
 34241 | Spider:2 | Noticed a ghost moth
 34251 | Spider:2 | Noticed Para's ghost (adept MiBe)
 34271 | Spider:2 | Found a runed translucent gate.
 34271 | Spider:2 | Found a runed translucent gate.
 34271 | Spider:2 | Found a runed translucent gate.
 34534 | Spider:3 | Noticed a ghost moth
 34549 | Spider:3 | Killed a ghost moth
 34890 | Spider:3 | Noticed a ghost moth
 34891 | Spider:3 | Reached XP level 16. HP: 99/99 MP: 28/32
 36027 | Spider:4 | Entered Level 4 of the Spider Nest
 36227 | Spider:4 | Reached skill level 5 in Earth Magic
 36272 | Spider:4 | Learned a level 6 spell: Iron Shot
 36298 | Spider:4 | Learned a level 6 spell: Bolt of Fire
 36872 | Spider:4 | Slain by a ghost moth

Levels and vault maps discovered:
D:1:      minmay_arrival_plants_in_alcoves, layout_basic, corexii_hall_statues_u
D:2:      layout_loops_corners, first_ration
D:3:      layout_loops_cross, lemuel_crystal_altar
D:4:      layout_loops_ring, fedhas_altar_fruit_tree, minmay_temple_entry_fiery
D:5:      layout_rooms, ashenzari_conservatory_becter, kennysheep_cross_room,
          nicolae_ashenzari_panopticon
D:6:      layout_gridville, lemuel_round_altar, kennysheep_mini
D:7:      layout_rooms, nicolae_alphabet_shops, uniq_duvessa, uniq_joseph
D:8:      layout_basic, lemuel_doored_altar, hangedman_little_slice_of_home
D:9:      layout_roguey, amethyst_overflow_temple_binary, zombieorc1_lemuel,
          guppyfry_shop_venom, uniq_erolcha
D:10:     layout_irregular_city
D:11:     layout_rooms, minmay_lair_entry_grove, enter_bailey_2,
          nicolae_trove_entry_free_sample
Lair:1:   layout_chaotic_city, chequers_serial_rivers_large_a,
          grunt_forest_small_clearing_treed
Lair:2:   layout_loops_ring, ebering_ghost_disaster_area
Lair:3:   layout_regular_city, skrybe_swamp_entry_bodies,
          nicolae_spider_entry_tight_spaces, eino_small_chamber_without_monster
Lair:4:   layout_loops_ring, gammafunk_ghost_hydra_chop, uniq_nergalle
Lair:5:   layout_hall_layers, nicolae_volcano_entry_hallway, grunt_megastairs_3,
          uniq_kirke
Lair:6:   guppyfry_lair_end_dragon, layout_regular_city,
          hangedman_lair_tendril_chambers, slime_altar_1
Spider:1: layout_spider_delve, hangedman_spider_mandibles, drop_trap,
          uniq_louise
Spider:2: layout_spider_delve, gammafunk_ghost_split
Spider:3: layout_chambers, nicolae_spider_shape
Spider:4: grunt_spider_rune_island, spiders_nest_hornet_nest,
          nicolae_spider_cling_ruins, uniq_agnes, uniq_arachne
Orc:1:    layout_diamond_mine, serial_shops, nicolae_shop_overgrown_old_shop,
          basic_altar
Orc:2:    st_orc_elflike, layout_caves, sword_in_stone
Bailey:   bailey_axe_3, bailey
Volcano:  volcano_pools

Skill      XL: |  1  2  3  4  5  6  7  8  9 10 11 12 13 14 15 16 |
---------------+-------------------------------------------------+-----
Poison Magic   | 4 5 6 7 9 10 11 12 13 | 13.0
Stealth        | 3 4 5 6 8 9 |  9.7
Conjurations   | 2 3 4 5 7 8 9 10 | 10.0
Air Magic      | 1 2 3 4 5 6 |  6.8
Shields        | 1 2 4 5 6 |  6.2
Fighting       | 1 2 3 4 5 6 |  6.1
Spellcasting   | 3 4 6 7 8 9 10 11 12 | 12.5
Evocations     | 1 |  1.3
Dodging        | 3 4 6 7 8 9 |  9.4
Fire Magic     | 2 4 5 7 8 |  8.7
Invocations    | 1 4 5 |  5.4
Hexes          | 1 2 3 |  3.0
Transmutations | 1 2 5 7 |  7.3
Long Blades    | 2 4 |  4.7
Earth Magic    | 4 5 |  5.3

Action                   |  1- 3 |  4- 6 |  7- 9 | 10-12 | 13-15 | 16-18 || total
-------------------------+-------+-------+-------+-------+-------+-------++-------
Melee: Short sword       |     4 |       |       |       |       |       ||     4
       Dagger            |    14 |    34 |    38 |       |       |       ||    86
       Constrict         |     4 |     9 |    19 |    36 |    72 |    13 ||   153
       Tentacles         |     2 |     6 |    20 |    52 |   104 |    29 ||   213
       Scimitar          |       |       |    80 |   197 |   331 |    53 ||   661
       Staff             |       |       |       |       |    10 |       ||    10
 Fire: Hunting sling     |       |       |       |    18 |       |       ||    18
 Cast: Sting             |    28 |    51 |    41 |    66 |       |       ||   186
       Poisonous Vapours |    18 |    55 |    41 |   103 |   162 |    25 ||   404
       Mephitic Cloud    |       |     4 |    13 |    35 |    91 |     8 ||   151
       Olgreb's Toxic Ra |       |       |    12 |    33 |    73 |    11 ||   129
       Iskenderun's Myst |       |       |       |    45 |    37 |     2 ||    84
       Venom Bolt        |       |       |       |    12 |    53 |       ||    65
       Dazzling Spray    |       |       |       |    41 |    89 |    18 ||   148
       Ignite Poison     |       |       |       |    37 |    68 |     5 ||   110
       Confusing Touch   |       |       |       |     1 |     9 |       ||    10
       Fireball          |       |       |       |       |    24 |     6 ||    30
       Statue Form       |       |       |       |       |     1 |     2 ||     3
       Bolt of Fire      |       |       |       |       |       |     5 ||     5
       Iron Shot         |       |       |       |       |       |     2 ||     2
Invok: Fungal Bloom      |       |       |    13 |    74 |    73 |     7 ||   167
       Evolution         |       |       |       |     7 |     6 |       ||    13
Evoke: Wand              |       |       |    20 |       |     1 |       ||    21
  Use: Scroll            |       |    10 |     3 |     9 |    12 |     3 ||    37
       Potion            |       |       |     1 |       |     4 |       ||     5
 Stab: Sleeping          |     5 |     2 |     4 |     2 |       |       ||    13
       Confused          |       |     1 |     3 |     5 |    16 |     2 ||    27
       Invisible         |       |       |       |    11 |    11 |     3 ||    25
       Distracted        |       |       |       |     1 |       |       ||     1
  Eat: Chunk             |     5 |    11 |     8 |    29 |    35 |     1 ||    89
       Ration            |       |     1 |     4 |     5 |     9 |     2 ||    21
Armor: Skin              |     5 |     7 |    30 |    41 |    59 |    42 ||   184
Dodge: Dodged            |    11 |    22 |    86 |   141 |   379 |   155 ||   794
Block: Buckler           |     1 |     5 |    29 |   117 |   208 |    88 ||   448
       Reflection        |       |       |       |     1 |     7 |       ||     8
       Rpst.: Scimitar   |       |       |    13 |    32 |    88 |    21 ||   154

Table legend:
 A = Non-vault XP
 B = Vault XP
 C = Vault XP percentage of total XP
 D = Non-vault monster count
 E = Vault monster count
 F = Vault count percentage of total count
                 A         B        C        D         E       F
            +---------+---------+-------+---------+---------+-------
      Total |   90466 |   59425 |  39.6 |     535 |     218 |  29.0
            +---------+---------+-------+---------+---------+-------
        D:1 |      29 |       0 |   0.0 |      19 |       0 |   0.0
        D:2 |     103 |       0 |   0.0 |      20 |       0 |   0.0
        D:3 |     111 |       0 |   0.0 |      20 |       0 |   0.0
        D:4 |     365 |       0 |   0.0 |      17 |       0 |   0.0
        D:5 |     606 |       0 |   0.0 |      14 |       0 |   0.0
        D:6 |    1304 |     221 |  14.5 |      30 |       2 |   6.2
        D:7 |    1259 |     450 |  26.3 |      22 |       1 |   4.3
        D:8 |    1330 |     160 |  10.7 |      19 |       8 |  29.6
        D:9 |    1123 |    1817 |  61.8 |      14 |      31 |  68.9
       D:10 |    2229 |       0 |   0.0 |      15 |       0 |   0.0
       D:11 |    2079 |    1219 |  37.0 |      35 |      12 |  25.5
     Lair:1 |    2695 |       0 |   0.0 |      12 |       0 |   0.0
     Lair:2 |    1978 |     866 |  30.5 |       9 |       1 |  10.0
     Lair:3 |    6291 |    2173 |  25.7 |      27 |       9 |  25.0
     Lair:4 |    7157 |    2610 |  26.7 |      20 |       4 |  16.7
     Lair:5 |    8318 |    4066 |  32.8 |      27 |       9 |  25.0
     Lair:6 |    5233 |   14016 |  72.8 |      17 |      53 |  75.7
   Spider:1 |   16492 |    1658 |   9.1 |      52 |       1 |   1.9
   Spider:2 |   13827 |       0 |   0.0 |      46 |       0 |   0.0
   Spider:3 |    6344 |    3410 |  35.0 |      11 |       8 |  42.1
   Spider:4 |    6328 |   11531 |  64.6 |      20 |      24 |  54.5
      Orc:1 |    2546 |       0 |   0.0 |      36 |       0 |   0.0
      Orc:2 |    2719 |    9596 |  77.9 |      33 |      31 |  48.4
     Bailey |       0 |     927 | 100.0 |       0 |      16 | 100.0
    Volcano |       0 |    4705 | 100.0 |       0 |       8 | 100.0
            +---------+---------+-------+---------+---------+-------
